 Dungeon Crawl Stone Soup version 0.31-a0-851-g7ff8af7976 (webtiles) character file.

Game seed: 10720188817518532591

13 Kurtz the Sneak (level 2, -1/24 HPs)
             Began as a Mummy Delver on Oct 6, 2023.
             Was an Initiate of Okawaru.
             Slain by a sleepcap (3 damage)
             ... on level 5 of the Dungeon.
             The game lasted 00:00:41 (191 turns).

Kurtz the Sneak (Mummy Delver)                       Turns: 191, Time: 00:00:42

Health: -1/24      AC:  3    Str: 15    XL:     2   Next: 24%
Magic:  2/2        EV: 11    Int:  9    God:    Okawaru [......]
Gold:   9          SH:  4    Dex: 13    Spells: 1/1 levels left

rFire   x . .        a - +0 hand axe
rCold   + . .        g - +0 buckler
rNeg    + + +        b - +0 leather armour
rPois   ∞            (no helmet)
rElec   .            (no cloak)
rCorr   .            (no gloves)
SInv    .            (no boots)
Will    .....        (no amulet)
Stlth   ++           (no ring)
HPRegen 0.24/turn    (no ring)
MPRegen 0.08/turn

%: faith
@: no status effects
A: cold resistance 1, negative energy resistance 3, torment resistance 2, heat
vulnerability 1, in touch with death 1, no potions, faith
a: Renounce Religion


You were on level 5 of the Dungeon.
You worshipped Okawaru.
Okawaru was noncommittal.
You visited 2 branches of the dungeon, and saw 2 of its levels.

You collected 9 gold pieces.

Inventory:

Hand Weapons
 a - a +0 hand axe (weapon)
Armour
 b - a +0 leather armour (worn)
 g - a +0 buckler (worn)
Wands
 f - a wand of digging (3)
Scrolls
 c - a scroll of fog
 d - a scroll of revelation
 e - a scroll of fear


   Skills:
 - Level 3.0 Fighting
 * Level 2.2 Axes
 - Level 1.5 Dodging
 - Level 4.1 Stealth
 * Level 0.6 Shields


You had one spell level left.
You didn't know any spells.
Your spell library was empty.

Dungeon Overview and Level Annotations

Branches:
Dungeon (5/15)             Temple (1/1) D:5

Altars:
Ashenzari
Cheibriados
Gozag
Hepliaklqana
Kikubaaqudgha
Makhleb
Nemelex Xobeh
Okawaru
Qazlal
Ru
Trog
Vehumet
Wu Jian


Innate Abilities, Weirdness & Mutations

You are immune to poison.
Your flesh is cold resistant. (rC+)
You are immune to negative energy. (rN+++)
You are immune to unholy pain and torment.
You are vulnerable to heat. (rF-)
You are in touch with the powers of death.
You do not drink.
You have a special connection with the divine. (Faith)


Message History

The service fee for joining is currently 23 gold; you have none.
Search for what [Enter for "alt", or ? for help]? alt
There is an open door here.
You open the door.
Found an iron altar of Okawaru.
There is an open door here.
There is an iron altar of Okawaru here.
You kneel at the altar of Okawaru.
Okawaru welcomes you!
There is an open door here.
There is a staircase back to the Dungeon here.
You climb upwards.
There is a staircase to the Ecumenical Temple here.
You now have 9 gold pieces.
A sleepcap comes into view.
The sleepcap releases spores at you.
You hit the sleepcap.
The sleepcap is lightly damaged.
The sleepcap releases spores at you.
You hit the sleepcap.
The sleepcap is lightly damaged.
The sleepcap closely misses you. The sleepcap barely misses you.
You hit the sleepcap.
The sleepcap is moderately damaged.
The sleepcap closely misses you.
You hit the sleepcap but do no damage.
The sleepcap is moderately damaged.
The sleepcap barely misses you.
You hit the sleepcap.
The sleepcap is heavily damaged.
The sleepcap closely misses you.
You hit the sleepcap.
The sleepcap is severely damaged.
The sleepcap releases spores at you. The sleepcap releases spores at you!
* * * LOW HITPOINT WARNING * * *
You are too injured to fight recklessly!
You hit the sleepcap.
The sleepcap is severely damaged.
The sleepcap releases spores at you.
You die...

#.#
#.#...>...#.#
#.#
#...........#
#.#
#.#.......#.#
#.#
#...........#
#.#
#.#.#.#.#.#.#
#.#####
#.....:.....#
#.##..
.............
#.##f#
#############
#.##@######
#...........
####.#######
#.# #.# #.#
#.# #.# ..


You could see a sleepcap.

Vanquished Creatures
  An adder (D:5)
  2 orcs (D:5)
3 creatures vanquished.

Notes
Turn   | Place    | Note
-------+----------+-------------------------------------------
     0 | D:5      | Kurtz the Mummy Delver began the quest for the Orb.
     0 | D:5      | Reached XP level 1. HP: 18/18 MP: 1/1
    49 | D:5      | Found a staircase to the Ecumenical Temple.
    62 | D:5      | Reached XP level 2. HP: 17/24 MP: 2/2
    66 | Temple   | Entered the Ecumenical Temple
   138 | Temple   | Became a worshipper of Warmaster Okawaru
   191 | D:5      | Slain by a sleepcap

Illustrated notes

Levels and vault maps discovered:
D:5:      layout_basic, minmay_temple_entry_glass,
          chequers_serial_rivers_small_3, glass_columns_b,
          chequers_serial_rivers_micro_e, uniq_ijyb
Temple:   minmay_temple_curvy_branch

Skill      XL: |  1 |
---------------+----+-----
Axes           | 2 |  2.2
Fighting       | |  3.0
Dodging        | |  1.5
Stealth        | |  4.1
Shields        | |  0.6

Action                     || total
---------------------------++-------
  Melee: Hand axe          ||    26
 Armour: Leather armour    ||    16
  Dodge: Dodged            ||    19
  Block: Buckler           ||     3

Table legend: (Time is in decaauts)
 A = Elapsed time spent in this place.
 B = Non-inter-level travel time spent in this place.
 C = Inter-level travel time spent in this place.
 D = Time resting spent in this place.
 E = Time spent auto-exploring this place.
 F = Levels seen in this place.
 G = Mean time per level.
                   A        B        C        D        E       F      G
               +--------+--------+--------+--------+--------+-----+--------+
         Total |    197 |    135 |     62 |     21 |     32 |   2 |   98.5 |
       Dungeon |    114 |    113 |      1 |      0 |     32 |   1 |  114.0 |
        Temple |     83 |     22 |     61 |     21 |      0 |   1 |   83.0 |
               +--------+--------+--------+--------+--------+-----+--------+

Top non-repeatable levels by time:
     D:5: 114 daAuts
  Temple: 83 daAuts
